Workbook

Sheet 投标报价封面
A1: 2022年白云区供销总公司物业消防设备 维护保养项目
A2: 投 标 总 价
A3: 项 目 名 称： | B3: =A1 -> 2022年白云区供销总公司物业消防设备 维护保养项目
A4: 投 标 总 价： | B4: （小写）： | C4: =[1]报价汇总表!F33 -> 0
B5: （大写）： | C5: =C4 -> 0
A6: 投 标 人：
B7: (单位盖章)
A8: 法定代表人 或其授权人：
B9: (签字或盖章)
A10: 编 制 人：
B11: （造价人员签字盖专用章）
A12: 编 制 时 间：

Sheet 招标工程量清单
A1: 2022年物业变配电设施设备维护保养项目
A2: 招 标 工 程 量 清 单
A5: 招 标 人：
B6: (单位盖章)
A9: 造价咨询人：
B10: (单位盖章)
B15: 年 月 日

Sheet 投标报价汇总表
A1: 工程量清单报价汇总表
A2: 项目名称：2022年物业变配电设施设备维护保养项目
A3: 序号 | B3: 项目名称 | C3: 计量单位 | D3: 工程数量 | E3: 单价(元) | F3: 合价(元) | G3: 备注
A4: 1 | B4: =清单与计价表!B4 -> 嘉禾丰兴商业广场 | C4: 项 | D4: 1 | E4: =[1]维保项目清单!J3 -> 0 | F4: =E4*D4 -> 0
A5: 2 | B5: =清单与计价表!B15 -> 新市广场 | C5: 项 | D5: 1 | E5: =[1]维保项目清单!J8 -> 0 | F5: =E5*D5 -> 0
A6: 3 | B6: =清单与计价表!B25 -> 门口岭工业区（原嘉禾羽毛场球） | C6: 项 | D6: 1 | E6: =[1]维保项目清单!J10 -> 0 | F6: =E6*D6 -> 0
A7: 4 | B7: =清单与计价表!B32 -> 石井百货公司 | C7: 项 | D7: 1 | E7: =[1]维保项目清单!J12 -> 0 | F7: =E7*D7 -> 0
A8: 5 | B8: =清单与计价表!B39 -> 石井槎头商铺 | C8: 项 | D8: 1 | E8: =[1]维保项目清单!J14 -> 0 | F8: =E8*D8 -> 0
A9: 6 | B9: =清单与计价表!B50 -> 太和生产资料 | C9: 项 | D9: 1 | E9: =[1]维保项目清单!J17 -> 0 | F9: =E9*D9 -> 0
A10: 7 | B10: =清单与计价表!B57 -> 人和旧办公室 | C10: 项 | D10: 1 | E10: =[1]维保项目清单!J24 -> 0 | F10: =E10*D10 -> 0
A11: 8 | B11: =清单与计价表!B64 -> 江村综合商场 | C11: 项 | D11: 1 | E11: =[1]维保项目清单!J27 -> 0 | F11: =E11*D11 -> 0
A12: 9 | B12: =清单与计价表!B71 -> 竹料茶楼 | C12: 项 | D12: 1 | E12: =[1]维保项目清单!J34 -> 0 | F12: =E12*D12 -> 0
A13: 10 | B13: =清单与计价表!B78 -> 竹料旧酱场 | C13: 项 | D13: 1 | E13: =[1]维保项目清单!J36 -> 0 | F13: =E13*D13 -> 0
A14: 11 | B14: =清单与计价表!B85 -> 钟落潭购物中心 | C14: 项 | D14: 1 | E14: =[1]维保项目清单!J38 -> 0 | F14: =E14*D14 -> 0
A15: 12 | B15: =清单与计价表!B96 -> 中和厂房 | C15: 项 | D15: 1 | E15: =[1]维保项目清单!J40 -> 0 | F15: =E15*D15 -> 0
A16: 13 | B16: =清单与计价表!B103 -> 沙岗岭厂房 | C16: 项 | D16: 1 | E16: =[1]维保项目清单!J44 -> 0 | F16: =E16*D16 -> 0
A17: 14 | B17: =清单与计价表!B110 -> 新和厂房 | C17: 项 | D17: 1 | E17: =[1]维保项目清单!J46 -> 0 | F17: =E17*D17 -> 0
A18: 15 | B18: =清单与计价表!B117 -> 天时大厦 | C18: 项 | D18: 1 | E18: =[1]维保项目清单!J53 -> 0 | F18: =E18*D18 -> 0
A19: A | B19: 小计 | F19: =SUM(F4:F18) -> 0
A20: B | B20: 税金（A）×6% | F20: =F19*6% -> 0
A21: C | B21: 含税合计（A+B） | F21: =F19+F20 -> 0

Sheet 清单与计价表
A1: 变配电设施设备维护保养项目清单与计价表
A2: 项目名称：2022年物业变配电设施设备维护保养项目
A3: 序号 | B3: 项目名称 | C3: 项目地址 | D3: 主要设备明细 | E3: 设备型号 | F3: 设备厂牌 | G3: 计量单位 | H3: 数量 | I3: 单价（元） | J3: 合价（元） | K3: 合计（元）
A4: 1 | B4: 嘉禾丰兴商业广场 | C4: 广花路西侧加禾墟东街68号,4号,加禾东横街20号,12号 | D4: 800K变压器 | E4: S11-800 | F4: 明珠电气股份有限公司 | G4: 台 | H4: 1 | J4: =H4*I4 -> 0 | K4: =SUM(J4:J14) -> 0
D5: 高压柜 | E5: KYN | F5: 广东中兴电器开关股份有限公司 | G5: 具 | H5: 4 | J5: =H5*I5 -> 0
D6: 直流屏电柜蓄电池系统 | F6: 广东中兴电器开关股份有限公司 | G6: 套 | H6: 1 | J6: =H6*I6 -> 0
D7: 低压柜 | E7: GCL | F7: 佛山市顺德区永丰机电设备实业有限公司 | G7: 具 | H7: 4 | J7: =H7*I7 -> 0
D8: 零序保护 | G8: 套 | H8: 1 | J8: =H8*I8 -> 0
D9: 瓦斯保护 | G9: 套 | H9: 1 | J9: =H9*I9 -> 0
D10: 高压电缆（100米内） | G10: 项 | H10: 1 | J10: =H10*I10 -> 0
D11: 户内电缆头 | G11: 套 | H11: 4 | J11: =H11*I11 -> 0
D12: 避雷器 | G12: 组 | H12: 1 | J12: =H12*I12 -> 0
D13: 直流电动操作定时限保护 | G13: 项 | H13: 1 | J13: =H13*I13 -> 0
D14: 绝缘工具：绝缘手套、绝缘鞋、绝缘棒等劳保用品及工具 | E14: 按规范配备 | F14: 含劳保用品、绝缘工具储物箱 | G14: 套 | H14: 1 | J14: =H14*I14 -> 0
A15: 2 | B15: 新市广场 | C15: 机场路1109至1111号 | D15: 800K变压器（油变） | G15: 台 | H15: 2 | J15: =H15*I15 -> 0 | K15: =SUM(J15:J24) -> 0
D16: 800K变压器（油变） | G16: 台 | H16: 1 | J16: =H16*I16 -> 0
D17: 1000K变压器 | G17: 台 | H17: 1 | J17: =H17*I17 -> 0
D18: 高压柜 | E18: HXGN | F18: 白云电气集团公司 | G18: 具 | H18: 5 | J18: =H18*I18 -> 0
D19: 低压柜 | E19: GCK | G19: 具 | H19: 9 | J19: =H19*I19 -> 0
D20: 直流屏电柜蓄电池系统 | G20: 套 | H20: 1 | J20: =H20*I20 -> 0
D21: 高压电缆（100米内） | G21: 项 | H21: 3 | J21: =H21*I21 -> 0
D22: 户内电缆头 | G22: 套 | H22: 5 | J22: =H22*I22 -> 0
D23: 避雷器 | G23: 组 | H23: 1 | J23: =H23*I23 -> 0
D24: 绝缘工具：绝缘手套、绝缘鞋、绝缘棒等劳保用品及工具 | E24: 按规范配备 | F24: 含劳保用品、绝缘工具储物箱 | G24: 套 | H24: 1 | J24: =H24*I24 -> 0
A25: 3 | B25: 门口岭工业区（原嘉禾羽毛场球） | C25: 嘉禾望岗上胜东街40号 | D25: 250K变压器（油变） | E25: SCB10-250 | G25: 台 | H25: 1 | J25: =H25*I25 -> 0 | K25: =SUM(J25:J31) -> 0
D26: 高压柜 | E26: HXGN | G26: 具 | H26: 2 | J26: =H26*I26 -> 0
D27: 低压柜 | E27: GGD | F27: 广东顺德怡洋电器设备有限公司 | G27: 具 | H27: 3 | J27: =H27*I27 -> 0
D28: 高压电缆（100米内） | G28: 项 | H28: 1 | J28: =H28*I28 -> 0
D29: 户内电缆头 | G29: 套 | H29: 2 | J29: =H29*I29 -> 0
D30: 避雷器 | G30: 组 | H30: 1 | J30: =H30*I30 -> 0
D31: 绝缘工具：绝缘手套、绝缘鞋、绝缘棒等劳保用品及工具 | E31: 按规范配备 | F31: 含劳保用品、绝缘工具储物箱 | G31: 套 | H31: 1 | J31: =H31*I31 -> 0
A32: 4 | B32: 石井百货公司 | C32: 石井桥头直街1号 | D32: 250K变压器（油变） | E32: S11-250 | F32: 广州南方电力集团电器有限公司 | G32: 台 | H32: 1 | J32: =H32*I32 -> 0 | K32: =SUM(J32:J38) -> 0
D33: 高压柜 | E33: HXGN | F33: 广州南方电力集团电器有限公司 | G33: 具 | H33: 2 | J33: =H33*I33 -> 0
D34: 低压柜 | E34: GGD | F34: 佛山市顺德区永丰机电设备实业有限公司 | G34: 具 | H34: 3 | J34: =H34*I34 -> 0
D35: 高压电缆（100米内） | G35: 项 | H35: 1 | J35: =H35*I35 -> 0
D36: 户内电缆头 | G36: 套 | H36: 2 | J36: =H36*I36 -> 0
D37: 避雷器 | G37: 组 | H37: 1 | J37: =H37*I37 -> 0
D38: 绝缘工具：绝缘手套、绝缘鞋、绝缘棒等劳保用品及工具 | E38: 按规范配备 | F38: 含劳保用品、绝缘工具储物箱 | G38: 套 | H38: 1 | J38: =H38*I38 -> 0
A39: 5 | B39: 石井槎头商铺 | C39: 白云区石井镇西槎路槎头大街753-763号 | D39: 800K变压器 | E39: S11-800 | F39: 海南威特电气集团有限公司 | G39: 台 | H39: 1 | J39: =H39*I39 -> 0 | K39: =SUM(J39:J49) -> 0
D40: 高压柜 | E40: KYN | F40: 广东顺德怡洋电器设备有限公司 | G40: 具 | H40: 2 | J40: =H40*I40 -> 0
D41: 低压柜 | E41: GCL | F41: 广东顺德怡洋电器设备有限公司 | G41: 具 | H41: 4 | J41: =H41*I41 -> 0
D42: 直流屏电柜（蓄电池系统） | F42: 广东顺德怡洋电器设备有限公司 | G42: 套 | H42: 1 | J42: =H42*I42 -> 0
D43: 零序保护 | G43: 套 | H43: 1 | J43: =H43*I43 -> 0
D44: 瓦斯保护 | G44: 套 | H44: 1 | J44: =H44*I44 -> 0
D45: 高压电缆（370米） | G45: 项 | H45: 1 | J45: =H45*I45 -> 0
D46: 户内电缆头 | G46: 套 | H46: 2 | J46: =H46*I46 -> 0
D47: 避雷器 | G47: 组 | H47: 1 | J47: =H47*I47 -> 0
D48: 直流电动操作定时限保护 | G48: 项 | H48: 1 | J48: =H48*I48 -> 0
D49: 绝缘工具：绝缘手套、绝缘鞋、绝缘棒等劳保用品及工具 | E49: 按规范配备 | F49: 含劳保用品、绝缘工具储物箱 | G49: 套 | H49: 1 | J49: =H49*I49 -> 0
A50: 6 | B50: 太和生产资料 | C50: 白云区太和镇朝亮中路18、20、22、24、26号 | D50: 630K变压器 | E50: SCB11-630KVA | G50: 台 | H50: 1 | J50: =H50*I50 -> 0 | K50: =SUM(J50:J56) -> 0
D51: 高压柜 | E51: HXGN | F51: 广州白云电器设备股份有限公司 | G51: 具 | H51: 4 | J51: =H51*I51 -> 0
D52: 低压柜 | E52: GGD | F52: 广州白云电器设备股份有限公司 | G52: 具 | H52: 4 | J52: =H52*I52 -> 0
D53: 高压电缆（100米内） | G53: 项 | H53: 1 | J53: =H53*I53 -> 0
D54: 户内电缆头 | G54: 套 | H54: 4 | J54: =H54*I54 -> 0
D55: 避雷器 | G55: 组 | H55: 1 | J55: =H55*I55 -> 0
D56: 绝缘工具：绝缘手套、绝缘鞋、绝缘棒等劳保用品及工具 | E56: 按规范配备 | F56: 含劳保用品、绝缘工具储物箱 | G56: 套 | H56: 1 | J56: =H56*I56 -> 0
A57: 7 | B57: 人和旧办公室 | C57: 人和镇人和墟大街22号 | D57: 315K变压器 | E57: S11-315 | G57: 台 | H57: 1 | J57: =H57*I57 -> 0 | K57: =SUM(J57:J63) -> 0
D58: 高压柜 | E58: HXGN | G58: 具 | H58: 4 | J58: =H58*I58 -> 0
D59: 低压柜 | E59: GGD | G59: 具 | H59: 3 | J59: =H59*I59 -> 0
D60: 高压电缆（100米内） | G60: 项 | H60: 1 | J60: =H60*I60 -> 0
D61: 户内电缆头 | G61: 套 | H61: 4 | J61: =H61*I61 -> 0
D62: 避雷器 | G62: 组 | H62: 1 | J62: =H62*I62 -> 0
D63: 绝缘工具：绝缘手套、绝缘鞋、绝缘棒等劳保用品及工具 | E63: 按规范配备 | F63: 含劳保用品、绝缘工具储物箱 | G63: 套 | H63: 1 | J63: =H63*I63 -> 0
A64: 8 | B64: 江村综合商场 | C64: 江高镇江同路149号 | D64: 630K变压器（油变） | E64: S11-630 | F64: 佛山市顺德区永丰机电设备实业有限公司 | G64: 台 | H64: 1 | J64: =H64*I64 -> 0 | K64: =SUM(J64:J70) -> 0
D65: 高压柜 | E65: HXGN | F65: 佛山市顺德区永丰机电设备实业有限公司 | G65: 具 | H65: 4 | J65: =H65*I65 -> 0
D66: 低压柜 | E66: GGD | F66: 佛山市顺德区永丰机电设备实业有限公司 | G66: 具 | H66: 4 | J66: =H66*I66 -> 0
D67: 高压电缆（100米内） | G67: 项 | H67: 1 | J67: =H67*I67 -> 0
D68: 户内电缆头 | G68: 套 | H68: 4 | J68: =H68*I68 -> 0
D69: 避雷器 | G69: 组 | H69: 1 | J69: =H69*I69 -> 0
D70: 绝缘工具：绝缘手套、绝缘鞋、绝缘棒等劳保用品及工具 | E70: 按规范配备 | F70: 含劳保用品、绝缘工具储物箱 | G70: 套 | H70: 1 | J70: =H70*I70 -> 0
A71: 9 | B71: 竹料茶楼 | C71: 白云区竹料镇竹料大街82号 | D71: 630k变压器 | E71: S11-630 | F71: 佛山市顺德区永丰机电设备实业有限公司 | G71: 台 | H71: 1 | J71: =H71*I71 -> 0 | K71: =SUM(J71:J77) -> 0
D72: 高压柜 | E72: HXGN | F72: 佛山市顺德区永丰机电设备实业有限公司 | G72: 具 | H72: 4 | J72: =H72*I72 -> 0
D73: 低压柜 | E73: GGD | F73: 佛山市顺德区永丰机电设备实业有限公司 | G73: 具 | H73: 4 | J73: =H73*I73 -> 0
D74: 高压电缆（260米） | G74: 项 | H74: 1 | J74: =H74*I74 -> 0
D75: 户内电缆头 | G75: 套 | H75: 4 | J75: =H75*I75 -> 0
D76: 避雷器 | G76: 组 | H76: 1 | J76: =H76*I76 -> 0
D77: 绝缘工具：绝缘手套、绝缘鞋、绝缘棒等劳保用品及工具 | E77: 按规范配备 | F77: 含劳保用品、绝缘工具储物箱 | G77: 套 | H77: 1 | J77: =H77*I77 -> 0
A78: 10 | B78: 竹料旧酱场 | C78: 白云区竹料镇竹料大街136号 | D78: 630k变压器 | E78: S11-M-630/10 | F78: 广州市乾式变压器有限公司 | G78: 台 | H78: 1 | J78: =H78*I78 -> 0 | K78: =SUM(J78:J84) -> 0
D79: 高压柜 | E79: HXGN-12 | F79: 佛山市顺德区永丰机电设备实业有限公司 | G79: 具 | H79: 4 | J79: =H79*I79 -> 0
D80: 低压柜 | E80: GGD | F80: 广州市白云区新城市电器厂 | G80: 具 | H80: 4 | J80: =H80*I80 -> 0
D81: 高压电缆（100米内） | G81: 项 | H81: 1 | J81: =H81*I81 -> 0
D82: 户内电缆头 | G82: 套 | H82: 4 | J82: =H82*I82 -> 0
D83: 避雷器 | G83: 组 | H83: 1 | J83: =H83*I83 -> 0
D84: 绝缘工具：绝缘手套、绝缘鞋、绝缘棒等劳保用品及工具 | E84: 按规范配备 | F84: 含劳保用品、绝缘工具储物箱 | G84: 套 | H84: 1 | J84: =H84*I84 -> 0
A85: 11 | B85: 钟落潭购物中心 | C85: 白云区钟落潭镇福龙路65号 | D85: 800K变压器 | E85: S11-800 | F85: 佛山市顺德区永丰机电设备实业有限公司 | G85: 台 | H85: 1 | J85: =H85*I85 -> 0 | K85: =SUM(J85:J95) -> 0
D86: 高压柜 | E86: HXGN | F86: 佛山市顺德区永丰机电设备实业有限公司 | G86: 具 | H86: 4 | J86: =H86*I86 -> 0
D87: 低压柜 | E87: GGD | F87: 佛山市顺德区永丰机电设备实业有限公司 | G87: 具 | H87: 5 | J87: =H87*I87 -> 0
D88: 直流屏电柜（蓄电池系统） | G88: 套 | H88: 1 | J88: =H88*I88 -> 0
D89: 零序保护 | G89: 套 | H89: 1 | J89: =H89*I89 -> 0
D90: 瓦斯保护 | G90: 套 | H90: 1 | J90: =H90*I90 -> 0
D91: 高压电缆（100米内） | G91: 项 | H91: 1 | J91: =H91*I91 -> 0
D92: 户内电缆头 | G92: 套 | H92: 4 | J92: =H92*I92 -> 0
D93: 避雷器 | G93: 组 | H93: 1 | J93: =H93*I93 -> 0
D94: 直流电动操作定时限保护 | G94: 项 | H94: 1 | J94: =H94*I94 -> 0
D95: 绝缘工具：绝缘手套、绝缘鞋、绝缘棒等劳保用品及工具 | E95: 按规范配备 | F95: 含劳保用品、绝缘工具储物箱 | G95: 套 | H95: 1 | J95: =H95*I95 -> 0
A96: 12 | B96: 中和厂房 | C96: 竹料中和路320号 | D96: 低压柜 | E96: GGD | F96: 佛山市顺德区永丰机电设备实业有限公司 | G96: 具 | H96: 3 | J96: =H96*I96 -> 0 | K96: =SUM(J96:J102) -> 0
D97: 高压柜 | E97: HXGN-12 | F97: 佛山市顺德区永丰机电设备实业有限公司 | G97: 具 | H97: 4 | J97: =H97*I97 -> 0
D98: 315K变压器 | E98: S11-315/10 | F98: 广州市新里程变压器有限公司 | G98: 台 | H98: 1 | J98: =H98*I98 -> 0
D99: 高压电缆（100米内） | G99: 项 | H99: 1 | J99: =H99*I99 -> 0
D100: 户内电缆头 | G100: 套 | H100: 4 | J100: =H100*I100 -> 0
...
